 Dungeon Crawl Stone Soup version 0.23.2-1-ga50397a6bc (webtiles) character file.

Game seed: 11689292256795841802

210 Mrkan the Magician (level 5, -5/37 HPs)
             Began as a Gnoll Wizard on May 15, 2019.
             Killed by divine providence
             ... invoked by an orc priest
              (11 damage)
             ... on level 3 of the Dungeon.
             The game lasted 00:11:23 (3289 turns).

Mrkan the Magician (Gnoll Wizard)                   Turns: 3289, Time: 00:11:24

Health: -5/37      AC:  4    Str:  9    XL:     5   Next: 87%
Magic:  0/14       EV: 14    Int: 22    God:
Gold:   201        SH:  0    Dex: 13    Spells: 13/18 levels left

rFire    . . .     SeeInvis .     - Unarmed
rCold    . . .     Gourm    .   (no shield)
rNeg     . . .     Faith    .   a - +0 robe
rPois    .         Spirit   .   b - +0 hat
rElec    .         Reflect  .   p - +1 cloak
rCorr    .         Harm     .   (no gloves)
MR       .....                  (no boots)
Stlth    +++.......             (no amulet)
HPRegen  0.12/turn              (no ring)
MPRegen  0.14/turn              (no ring)

@: no status effects
A: distributed training, fangs 1, strong nose
a: no special abilities


You were on level 3 of the Dungeon.
You were not hungry.

You visited 1 branch of the dungeon, and saw 4 of its levels.

You collected 201 gold pieces.

Inventory:

Hand Weapons
 o - a +4 quarterstaff of chaos
Armour
 a - a +0 robe (worn)
 b - a +0 hat (worn)
 h - a +0 pair of boots
 l - a cursed +0 pair of gloves
 p - a +1 cloak (worn)
Scrolls
 c - 2 scrolls of teleportation {unknown}
 g - 2 scrolls of magic mapping {unknown}
 i - a scroll of enchant armour {unknown}
 k - a scroll of identify {unknown}
 m - 4 scrolls of remove curse {unknown}
 r - a scroll of fog {unknown}
Potions
 e - 2 potions of curing
 f - 2 potions of brilliance {unknown}
 j - a potion of degeneration {unknown}
 n - a potion of magic {unknown}
 q - a potion of ambrosia {unknown}
Comestibles
 d - 9 rations


   Skills:
 + Level 1.6 Fighting
 + Level 1.6 Short Blades
 + Level 1.6 Long Blades
 + Level 1.6 Axes
 + Level 1.6 Maces & Flails
 + Level 1.6 Polearms
 + Level 1.6 Staves
 + Level 1.6 Slings
 + Level 1.6 Bows
 + Level 1.6 Crossbows
 + Level 1.6 Throwing
 + Level 1.6 Armour
 + Level 4.8 Dodging
 + Level 4.4 Stealth
 + Level 1.6 Shields
 + Level 1.6 Unarmed Combat
 + Level 7.3 Spellcasting
 + Level 2.4 Conjurations
 + Level 1.3 Hexes
 + Level 1.3 Charms
 + Level 2.4 Summonings
 + Level 1.3 Necromancy
 + Level 2.4 Translocations
 + Level 1.3 Transmutations
 + Level 1.3 Fire Magic
 + Level 1.3 Ice Magic
 + Level 1.3 Air Magic
 + Level 1.3 Earth Magic
 + Level 1.3 Poison Magic
 + Level 1.8 Invocations
 + Level 1.6 Evocations


You had 13 spell levels left.
You knew the following spells:

 Your Spells              Type           Power        Failure   Level  Hunger
a - Magic Dart            Conj           ###.         3%          1    None
b - Blink                 Tloc           N/A          4%          2    None
c - Call Imp              Summ           ###.....     4%          2    None

Your spell library contained the following spells:

 Spells                   Type           Power        Failure   Level  Hunger
 Slow                     Hex            ##......     7%          2    None
 Conjure Flame            Conj/Fire      ###.....     11%         3    None
 Mephitic Cloud           Conj/Pois/Air  ###.....     12%         3    None


Dungeon Overview and Level Annotations

Branches:
Dungeon (4/15)
 Temple: D:4-7

Altars:


Innate Abilities, Weirdness & Mutations

Your experience applies equally to all skills.
You have very sharp teeth.
Your uncanny sense of smell can sniff out nearby items.


Message History

* * * LOW HITPOINT WARNING * * *
There is an open door here.
Casting: Blink (safe; 4% risk of failure)
Confirm with . or Enter, or press ? or * to list all spells.
You don't have enough magic to cast that spell.
You open the door.
There is an open door here.
The orc priest looks satisfied for a moment.
Casting: Blink (safe; 4% risk of failure)
Confirm with . or Enter, or press ? or * to list all spells.
A beastly little devil appears in a puff of frigid air.
You see here a leather armour.
Your white imp hits the orc priest.
Your white imp freezes the orc priest.
The orc priest miscasts a cantrip.
Casting: Call Imp (safe; 4% risk of failure)
Confirm with . or Enter, or press ? or * to list all spells.
A beastly little devil appears in a puff of flame.
The orc priest mumbles some strange prayers to Beogh against you.
Beogh smites you!
You die...

.>.....'...[..............(......
.......#....#...#................
......o#....+...+..............#.
.......#....#...#..............#.
......[######........#.........#.
.......#### #........####..###...
..........##########.# #...##...
...........#.#.#.#.#.# #....'...
...........#.#.#@#.#.######.##...
..............o.5...........###'#
.....####..#.#.#.#.#.........##.#
.....# #..#.#.#.#.#.........##.#
.....###############.....###.##.#
.........##..............# #.##..
^........##.######.......# #..###
.........................####....
.........###≈..≈###.........#....


You could see an orc priest and a friendly crimson imp.

Vanquished Creatures
  Crazy Yiuf (D:3)
  Jessica (D:3)
  2 dart slugs
  2 leopard geckos
  5 orcs
  6 bats
  3 giant cockroaches
  6 hobgoblins
  3 jackals (D:3)
  2 quokkas
  A frilled lizard (D:2)
  5 goblins
  6 kobolds
  9 rats
52 creatures vanquished.

Vanquished Creatures (collateral kills)
  A scorpion (D:4)
  2 orc wizards
  4 adders (D:2)
  2 worms (D:2)
  2 dart slugs
  3 orcs
  A goblin (D:3)
  5 jackals (D:3)
  2 kobolds (D:3)
22 creatures vanquished.

Grand Total: 74 creatures vanquished

Notes
Turn   | Place    | Note
-------+----------+-------------------------------------------
     0 | D:1      | Mrkan the Gnoll Wizard began the quest for the Orb.
     0 | D:1      | Reached XP level 1. HP: 13/13 MP: 8/8
   204 | D:1      | Reached XP level 2. HP: 19/19 MP: 7/10
   993 | D:2      | Reached XP level 3. HP: 25/25 MP: 5/11
  1014 | D:2      | Learned a level 2 spell: Blink
  1017 | D:2      | Learned a level 2 spell: Call Imp
  1178 | D:2      | Reached skill level 1 in Invocations
  1273 | D:2      | Reached skill level 1 in Fighting
  1273 | D:2      | Reached skill level 1 in Short Blades
  1273 | D:2      | Reached skill level 1 in Long Blades
  1273 | D:2      | Reached skill level 1 in Axes
  1273 | D:2      | Reached skill level 1 in Maces & Flails
  1273 | D:2      | Reached skill level 1 in Polearms
  1273 | D:2      | Reached skill level 1 in Staves
  1273 | D:2      | Reached skill level 1 in Slings
  1273 | D:2      | Reached skill level 1 in Bows
  1273 | D:2      | Reached skill level 1 in Crossbows
  1273 | D:2      | Reached skill level 1 in Throwing
  1273 | D:2      | Reached skill level 1 in Armour
  1273 | D:2      | Reached skill level 1 in Shields
  1273 | D:2      | Reached skill level 1 in Unarmed Combat
  1273 | D:2      | Reached skill level 1 in Evocations
  1273 | D:2      | Reached XP level 4. HP: 23/32 MP: 1/13
  2010 | D:3      | Found a runed translucent door.
  2011 | D:3      | Noticed Crazy Yiuf
  2028 | D:3      | Killed Crazy Yiuf
  2028 | D:3      | Reached skill level 1 in Hexes
  2028 | D:3      | Reached skill level 1 in Charms
  2028 | D:3      | Reached skill level 1 in Necromancy
  2028 | D:3      | Reached skill level 1 in Transmutations
  2028 | D:3      | Reached skill level 1 in Fire Magic
  2028 | D:3      | Reached skill level 1 in Ice Magic
  2028 | D:3      | Reached skill level 1 in Air Magic
  2028 | D:3      | Reached skill level 1 in Earth Magic
  2028 | D:3      | Reached skill level 1 in Poison Magic
  2093 | D:3      | Noticed Jessica
  2096 | D:3      | Killed Jessica
  2096 | D:3      | Reached XP level 5. HP: 37/37 MP: 8/14
  2826 | D:4      | Noticed an ogre
  3289 | D:3      | Killed from afar by an orc priest

Skill      XL: |  1  2  3  4 |
---------------+-------------+-----
Conjurations   | 2 |  2.4
Summonings     | 2 |  2.4
Translocations | 2 |  2.4
Invocations    | 1 |  1.8
Fighting       | 1 |  1.6
Short Blades   | 1 |  1.6
Long Blades    | 1 |  1.6
Axes           | 1 |  1.6
Maces & Flails | 1 |  1.6
Polearms       | 1 |  1.6
Staves         | 1 |  1.6
Slings         | 1 |  1.6
Bows           | 1 |  1.6
Crossbows      | 1 |  1.6
Throwing       | 1 |  1.6
Armour         | 1 |  1.6
Shields        | 1 |  1.6
Unarmed Combat | 1 |  1.6
Evocations     | 1 |  1.6
Hexes          | 1 |  1.3
Charms         | 1 |  1.3
Necromancy     | 1 |  1.3
Transmutations | 1 |  1.3
Fire Magic     | 1 |  1.3
Ice Magic      | 1 |  1.3
Air Magic      | 1 |  1.3
Earth Magic    | 1 |  1.3
Poison Magic   | 1 |  1.3
Dodging        | |  4.8
Stealth        | |  4.4
Spellcasting   | |  7.3

Action                   |  1- 3 |  4- 6 || total
-------------------------+-------+-------++-------
Melee: Unarmed           |     2 |     1 ||     3
 Cast: Magic Dart        |    77 |    86 ||   163
       Call Imp          |     5 |    26 ||    31
       Blink             |       |     5 ||     5
  Use: Potion            |       |     1 ||     1
  Eat: Chunk             |       |     4 ||     4
       Ration            |       |     1 ||     1
Armor: Robe              |     6 |     5 ||    11
Dodge: Dodged            |    12 |    41 ||    53
